 Dungeon Crawl Stone Soup version 0.15-a0-1579-gd26fec2 (console) character file.

1141 Money the Cleaver (level 8, -3/67 HPs)
             Began as a Minotaur Fighter on June 19, 2014.
             Was a Believer of Cheibriados.
             Killed by an exploding giant spore (41 damage)
             ... on Level 7 of the Dungeon.
             The game lasted 00:09:40 (1601 turns).

Money the Cleaver (Minotaur Fighter)                Turns: 1601, Time: 00:09:41

HP  -3/67        AC 11     Str 27      XL: 8   Next: 14%
MP  10/10        EV  4     Int 10      God: Cheibriados [**....]
Gold 226         SH  0     Dex 16      Spells:  0 memorised,  7 levels left

rFire  . . .     SeeInvis .     w - +0 war axe
rCold  . . .     Clarity  .     m - +0 plate armour
rNeg   . . .     rCorr    .     b - +1 shield
rPois  .         rRot     .     (helmet restricted)
rElec  .         Spirit   .     (no cloak)
SustAb .         Warding  .     (no gloves)
rMut   .         Stasis   .     (no boots)
Gourm  .                        (no amulet)
MR     .....                    (no ring)
                                (no ring)

@: confused, very slow, not resistant to hostile enchantments, extremely
unstealthy
A: retaliatory headbutt, horns 2
a: Bend Time, Renounce Religion


You were on level 7 of the Dungeon.
You worshipped Cheibriados.
Cheibriados was pleased with you.
You were not hungry.

You visited 1 branch of the dungeon, and saw 7 of its levels.
You also visited: Ossuary.

You collected 226 gold pieces.

Inventory:

Hand weapons
 a - a +0 war axe
 u - a +0 blowgun
 w - a +0 war axe (weapon)
Armour
 b - a +1 shield (worn)
 c - a +1 shield
 m - a +0 plate armour (worn)
 r - a +0 chain mail
 y - the -4 robe of Luunwi {rC+ Dex+4}
   (You found it on level 5 of the Dungeon)

   It affects your dexterity (+4).
   It protects you from cold.
 z - the -5 robe of Bugaveze {Str-2 Int+3}
   (You found it on level 6 of the Dungeon)

   It affects your strength (-2).
   It affects your intelligence (+3).
 A - a +1 robe
Magical devices
 x - a wand of draining (4)
Comestibles
 d - 2 bread rations
 h - 3 rotting chunks of centaur flesh
 k - 3 meat rations
 n - a chunk of iguana flesh
Scrolls
 o - a scroll of immolation
 t - a scroll of remove curse
Jewellery
 p - an uncursed ring of fire
 s - an uncursed amulet of resist mutation
Potions
 e - 4 potions of might
 f - 2 potions of brilliance {unknown}
 g - 6 potions of curing {unknown}
 i - a potion of haste {unknown}
 j - 2 potions of beneficial mutation {unknown}
 l - 2 potions of mutation {unknown}
 q - a potion of poison {unknown}
 v - a potion of invisibility {unknown}


   Skills:
 * Level 4.6 Fighting
 + Level 9.2 Axes
 - Level 3.6 Armour
 - Level 3.6 Shields
 - Level 5.5 Invocations


You had 7 spell levels left.
You didn't know any spells.

Dungeon Overview and Level Annotations

Branches:
Dungeon (7/15)
 Temple: D:4-7

Altars:
Ashenzari
Cheibriados
Fedhas
Kikubaaqudgha
Sif Muna
Trog

Annotations:
D:5 valor's ghost, experienced DrCj


Innate Abilities, Weirdness & Mutations

You reflexively headbutt those who attack you in melee.
You have a pair of horns on your head.


Message History

You hit the crimson imp.
You kill the crimson imp!
Cheibriados thoroughly appreciates the change of pace.
No target in view!
No target in view!
Found a white potion.
A giant spore comes into view.
You hear an explosion! x2
Found a hardcover book.
Evoke which item? (* to show all) (? for menu, Esc to quit)
Zapping:
x - a wand of draining {zapped: 1}
Press: ? - help, Shift-Dir - straight line, f - giant spore
Aim: a giant spore The bolt of negative energy misses the giant spore.
A ballistomycete grows in the wake of the spore.
The giant spore explodes!
The explosion of spores engulfs you!
You are confused.
Ouch! That really hurt!
You die...

#########
#......... #%#
#.# #.#
#<###########
#>...........
#.............
#.###@....###
#.# #.....#
..# #..P....:
...# #........
+....
.........
#...# ........
..... ...!...
. ....... ...


There were no monsters in sight!

Vanquished Creatures
  A hungry ghost (D:7)
  A sky beast (D:6)
  3 centaurs
  Blork the orc (D:7)
  2 giant frogs (D:6)
  A water moccasin zombie (Ossuary)
  A scorpion (D:6)
  A crimson imp (D:7)
  3 iguanas (D:6)
  A jelly (D:6)
  A giant frog skeleton (D:6)
  A black bear skeleton (D:5)
  3 big kobold zombies (Ossuary)
  2 mummies (Ossuary)
  3 adders
  A giant mite (D:4)
  7 adder zombies (Ossuary)
  A giant gecko (D:6)
  5 orcs
  5 gnoll zombies (Ossuary)
  3 goblins
  6 hobgoblins
  An ooze (D:1)
  A quokka (D:6)
  5 bats
  3 hobgoblin zombies (Ossuary)
  A jackal skeleton (D:5)
  4 kobolds
  2 kobold zombies (Ossuary)
  6 orc zombies (Ossuary)
  3 rats
79 creatures vanquished.

Vanquished Creatures (others)
  A giant spore (D:7)
1 creature vanquished.

Grand Total: 80 creatures vanquished

Notes
Turn   | Place    | Note
--------------------------------------------------------------
     0 | D:1      | Money, the Minotaur Fighter, began the quest for the Orb.
     0 | D:1      | Reached XP level 1. HP: 19/19 MP: 1/1
   133 | D:2      | Reached XP level 2. HP: 23/26 MP: 1/1
   274 | D:3      | Found an ancient bone altar of Kikubaaqudgha.
   274 | D:3      | Found a blossoming altar of Fedhas.
   355 | D:3      | Noticed a centaur
   363 | D:3      | Killed a centaur
   363 | D:3      | Reached skill level 5 in Axes
   363 | D:3      | Reached XP level 3. HP: 16/31 MP: 2/2
   363 | D:3      | Reached XP level 4. HP: 20/39 MP: 2/2
   470 | D:4      | Found a deep blue altar of Sif Muna.
   482 | D:4      | Found a shattered altar of Ashenzari.
   484 | D:4      | Found a snail-covered altar of Cheibriados.
   493 | D:4      | Became a worshipper of Cheibriados the Contemplative
   506 | D:5      | Entered Level 5 of the Dungeon
   506 | D:5      | Noticed an ice beast
   696 | D:5      | Noticed valor's ghost (experienced DrCj)
   718 | D:5      | Reached skill level 6 in Axes
   718 | D:5      | Reached skill level 1 in Invocations
   718 | D:5      | Reached XP level 5. HP: 35/45 MP: 3/3
   749 | D:5      | Got an opalescent robe
   789 | D:6      | Noticed a centaur
   795 | D:6      | Killed a centaur
   816 | D:6      | Reached XP level 6. HP: 28/51 MP: 5/5
   849 | D:6      | Got a dull robe
   862 | D:6      | Found a bloodstained altar of Trog.
   867 | D:6      | Found a sand-covered staircase.
   906 | Ossuary  | Entered an ossuary
   984 | Ossuary  | Reached skill level 7 in Axes
  1059 | Ossuary  | Identified the cursed -4 robe of Luunwi {rC+ Dex+4} (You found it on level 5 of the Dungeon)
  1241 | D:6      | Identified the cursed -5 robe of Bugaveze {Str-2 Int+3} (You found it on level 6 of the Dungeon)
  1319 | D:6      | Noticed a centaur
  1326 | D:6      | Killed a centaur
  1326 | D:6      | Reached XP level 7. HP: 19/57 MP: 8/8
  1366 | D:6      | Reached skill level 8 in Axes
  1467 | D:6      | Noticed a sky beast
  1475 | D:6      | Killed a sky beast
  1475 | D:6      | Reached skill level 5 in Invocations
  1561 | D:7      | Noticed Blork the orc
  1569 | D:7      | Killed Blork the orc
  1569 | D:7      | Reached skill level 9 in Axes
  1588 | D:7      | Reached XP level 8. HP: 39/67 MP: 10/10
  1601 | D:7      | Killed by an exploding giant spore

Action                   |  1- 3 |  4- 6 |  7- 9 || total
-------------------------+-------+-------+-------++-------
Melee: War axe           |    23 |   137 |    68 ||   228
       Unarmed           |       |     7 |       ||     7
Invok: Bend Time         |       |       |     3 ||     3
Evoke: Wand              |       |     1 |     1 ||     2
  Use: Scroll            |       |     7 |       ||     7
